 Dungeon Crawl Stone Soup version 0.31-a0-960-g0fca184906 (webtiles) character file.

Game seed: 10939840790943310965

261 Mgcat the Chopper (level 6, 0/43 HPs)
             Began as an Octopode Fighter on Oct 23, 2023.
             Slain by Pikel
             ... wielding a +1 whip of flaming
              (2 damage)
             ... on level 5 of the Dungeon.
             The game lasted 00:04:06 (2358 turns).

Mgcat the Chopper (Octopode Fighter)                Turns: 2358, Time: 00:04:06

Health: 0/43       AC:  1    Str: 17    XL:     6   Next: 18%
Magic:  6/6        EV: 18    Int: 11    God:
Gold:   31         SH:  4    Dex: 11    Spells: 5/5 levels left

rFire   . . .        o - +0 broad axe
rCold   . . .        b - +0 buckler
rNeg    . . .        (helmet restricted)
rPois   .            (no amulet)
rElec   .            k - +5 ring of evasion
rCorr   .            m - +4 ring of slaying
SInv    .            (no ring)
Will    .....        (no ring)
Stlth   +++          (no ring)
HPRegen 0.27/turn    (no ring)
MPRegen 0.10/turn    (no ring)
                     (no ring)

%: no passive effects
@: no status effects
A: almost no armour, amphibious, 8 rings, camouflage 1, gelatinous body 1,
(nimble swimmer 1), tentacles
a: no special abilities


You were on level 5 of the Dungeon.
You visited 1 branch of the dungeon, and saw 4 of its levels.

You collected 123 gold pieces.
You spent 92 gold pieces at shops.

Inventory:

Hand Weapons
 o - a +0 broad axe (weapon)
   (You bought it in a shop on level 3 of the Dungeon)
Missiles
 s - 10 stones
Armour
 b - a +0 buckler (worn)
Jewellery
 k - a +5 ring of evasion (left tentacle)
   (You found it on level 2 of the Dungeon)
 m - a +4 ring of slaying (right tentacle)
   (You took it off a gnoll on level 2 of the Dungeon)
Scrolls
 g - 2 scrolls of vulnerability {unknown}
 i - 3 scrolls of identify {unknown}
 j - a scroll of immolation {unknown}
 n - a scroll of enchant armour {unknown}
 p - a scroll of blinking {unknown}
 t - a scroll of revelation {unknown}
Potions
 a - a potion of brilliance {unknown}
 c - a potion of might
 d - 3 potions of lignification {unknown}
 e - a potion of cancellation {unknown}
 f - 2 potions of heal wounds {unknown}
 h - a potion of haste {unknown}
 l - a potion of enlightenment {unknown}
 q - a potion of curing {unknown}
 r - a potion of mutation {unknown}


   Skills:
 + Level 3.8 Fighting
 * Level 4.0 Axes
 + Level 3.8 Dodging
 + Level 3.0 Stealth
 + Level 3.9 Shields


You had 5 spell levels left.
You didn't know any spells.
Your spell library was empty.

Dungeon Overview and Level Annotations

Branches:
Dungeon (5/15)
 Temple: D:4-7

Altars:
Kikubaaqudgha

Shops:
D:3 ==((

Annotations:
D:5 Pikel


Innate Abilities, Weirdness & Mutations

You cannot wear most types of armour.
You are amphibious.
You can wear up to eight rings at the same time.
Your skin changes colour to match your surroundings (Stealth+).
Your rubbery body absorbs attacks. (AC +1, EV +1)
((You are camouflaged when in or above water. (Stealth+)))
You have tentacles for arms and can constrict up to eight enemies at once.


Message History

Lua error: [string "/dgldir/rcfiles/crawl-git/Mgcat.rc"]:930: invalid capture index Lua error: [string "/dgldir/rcfiles/crawl-git/Mgcat.rc"]:930: invalid capture index As you close the door, it creaks loudly!
You hear an angry hiss.
Spoiler Alert: The water moccasin is fast and can poison!
You aren't carrying any items that you can evoke.
Unknown command.
Unknown command.
You slash the water moccasin! Your grab misses the water moccasin.
The water moccasin is heavily wounded.
The water moccasin bites you but does no damage.
The water moccasin barely misses you.
Spoiler Alert: The water moccasin is fast and can poison!
You closely miss the water moccasin. You grab the water moccasin.
The water moccasin is heavily wounded.
You constrict the water moccasin. The water moccasin closely misses you.
The water moccasin bites you!
You take 9 damage, and have 27/36 hp.
MASSIVE DAMAGE!!
You are too injured to fight recklessly!
Spoiler Alert: The water moccasin is fast and can poison!
You are too injured to fight recklessly!
You hit the water moccasin. You squeeze the water moccasin!
You kill the water moccasin!
Your Axes skill increases to level 4!
Your Stealth skill increases to level 3!
You have reached level 6!
You regained 6 hp, and now have 33/43 hp.
MP restored: 6 You start resting.
HP restored.
You regained 3 hp, and now have 36/43 hp.
You start resting.
HP restored.
Health restored: 43 You open the door.
There is an open door here.
s - 10 stones (gained 7)
You open the door.
Pikel and 3 lemures come into view.
Pikel is wielding a +1 whip of flaming.
The lemure shouts! x2; Pikel shouts!
A lemure comes into view.
The lemure moves out of view.
The lemure shouts!
Spoiler Alert: Pikel can hit for high damage in melee!
Unknown command.
Unknown command.
Unknown command.
Unknown command.
You close the door.
Something unseen opens the door.
You close the door.
Something unseen breaks down the door.
Spoiler Alert: Pikel can hit for high damage in melee!
The lemure attacks as it pursues you! The lemure misses you.
You slash the lemure! You grab the lemure. You squeeze the lemure!
You kill the lemure!
That felt strangely unrewarding.
You hear a shout!
Unknown command.
Spoiler Alert: Pikel can hit for high damage in melee!
Unknown command.
You hit Pikel but do no damage. You grab Pikel. You constrict Pikel.
Pikel hits you with a +1 whip of flaming!
Pikel burns you.
Pikel hits you with a +1 whip of flaming!
Pikel burns you.
You take 21 damage, and have 22/43 hp.
MASSIVE DAMAGE!!
Spoiler Alert: Pikel can hit for high damage in melee!
Okay, then.
Unknown command.
Unknown command.
You hit Pikel.
Pikel is moderately wounded.
You constrict Pikel, but do no damage.
Pikel hits you with a +1 whip of flaming.
Pikel burns you.
You take 6 damage, and have 16/43 hp.
Spoiler Alert: Pikel can hit for high damage in melee!
Unknown command.
Unknown command.
Unknown command.
You slash Pikel!
Pikel is heavily wounded.
You constrict Pikel.
Pikel hits you with a +1 whip of flaming!
* * * LOW HITPOINT WARNING * * *
Pikel burns you.
* * * LOW HITPOINT WARNING * * *
You take 10 damage, and have 6/43 hp.
MASSIVE DAMAGE!!
Spoiler Alert: Pikel can hit for high damage in melee!
Unknown command.
Unknown command.
Unknown command.
You barely miss Pikel.
Pikel is severely wounded.
You constrict Pikel. Pikel barely misses you.
Pikel hits you with a +1 whip of flaming.
* * * LOW HITPOINT WARNING * * *
Pikel burns you.
You die...
Pikel says, "Another soul for the market."

.....≈≈._§≈.
#...≈§>.§≈.
#.#.≈≈≈≈§≈.
#.#.≈≈≈§≈≈.
####
###+#..§.....
###...###
#..[.##+.####
?....K'5#
#....##..##
.....5#K#
#....###..###
..K.5
#@####....#
#..... ...$
#....#....#
#..... .55
####.#....#
#..... ..
#.###'##
#..... # #.#
#.# ######
#.###.#
#.....#
#######


You could see Pikel and a lemure.

Vanquished Creatures
  A water moccasin (D:5)
  A lemure (D:5)
  4 gnolls (D:2)
  6 adders
  2 dart slugs
  5 bats
  4 endoplasms
  2 giant cockroaches (D:1)
  A goblin (D:2)
  6 hobgoblins
  5 jackals
  6 ball pythons
  3 frilled lizards
  10 kobolds
  5 rats
61 creatures vanquished.

Notes
Turn   | Place    | Note
-------+----------+-------------------------------------------
     0 | D:1      | Mgcat the Octopode Fighter began the quest for the Orb.
     0 | D:1      | Reached XP level 1. HP: 16/16 MP: 1/1
    94 | D:1      | Reached XP level 2. HP: 21/21 MP: 2/2
   173 | D:1      | Reached skill level 1 in Stealth
   431 | D:1      | Found a faded altar of an unknown god.
   493 | D:1      | Reached XP level 3. HP: 26/26 MP: 3/3
   799 | D:2      | HP: 6/26 [gnoll/+0 spear (12)]
   801 | D:2      | Reached XP level 4. HP: 7/31 MP: 4/4
   803 | D:2      | Reached skill level 3 in Axes
   804 | D:2      | HP: 3/31 [gnoll/+0 club (6)]
   970 | D:2      | Reached skill level 2 in Stealth
  1406 | D:2      | Reached XP level 5. HP: 26/36 MP: 5/5
  1504 | D:3      | Found Qopnoibb's Antique Weapon Emporium.
  1525 | D:3      | Bought a broad axe for 92 gold pieces
  1645 | D:3      | Found Ojeikh's Weapon Shoppe.
  1807 | D:3      | Found Bawuopnu's Jewellery Boutique.
  1872 | D:3      | Found Wiso's Jewellery Shoppe.
  2194 | D:3      | You fall into a shaft and drop 2 floors!
  2194 | D:5      | Entered Level 5 of the Dungeon
  2254 | D:5      | Found an ancient bone altar of Kikubaaqudgha.
  2273 | D:5      | Noticed a water moccasin
  2286 | D:5      | Killed a water moccasin
  2287 | D:5      | Reached skill level 4 in Axes
  2287 | D:5      | Reached skill level 3 in Stealth
  2287 | D:5      | Reached XP level 6. HP: 33/43 MP: 6/6
  2346 | D:5      | Noticed Pikel
  2357 | D:5      | HP: 9/43 [Pikel/+1 whip of flaming (7)]
  2358 | D:5      | HP: 2/43 [Pikel/+1 whip of flaming (5)]
  2358 | D:5      | Slain by Pikel

Illustrated notes

Levels and vault maps discovered:
D:1:      wander_arrival_abandoned_jail, layout_loops_ring,
          ebering_ecumenical_altar_sacrificial
D:2:      layout_basic
D:3:      layout_loops_corners, serial_shops, nicolae_shop_dealshenge,
          nicolae_shop_bloodbath_and_beyond, shop, nicolae_shop_back_alley_shop,
          shop
D:5:      layout_basic, general_overflow_altar, chequers_serial_rivers_room_b,
          uniq_pikel

Skill      XL: |  1  2  3  4  5 |
---------------+----------------+-----
Stealth        | 1 2 3 |  3.0
Axes           | 3 4 |  4.0
Fighting       | |  3.8
Dodging        | |  3.8
Shields        | |  3.9

Action                     |  1- 3 |  4- 6 || total
---------------------------+-------+-------++-------
  Melee: War axe           |    48 |    32 ||    80
         Constrict         |    16 |    17 ||    33
         Tentacles         |    12 |     7 ||    19
         Punch             |       |     1 ||     1
         Broad axe         |       |    25 ||    25
   Stab: Sleeping          |     2 |     8 ||    10
 Armour: Skin              |    18 |    17 ||    35
  Dodge: Dodged            |    37 |    33 ||    70
  Block: Buckler           |    12 |     7 ||    19

Table legend: (Time is in decaauts)
 A = Elapsed time spent in this place.
 B = Non-inter-level travel time spent in this place.
 C = Inter-level travel time spent in this place.
 D = Time resting spent in this place.
 E = Time spent auto-exploring this place.
 F = Levels seen in this place.
 G = Mean time per level.
                   A        B        C        D        E       F      G
               +--------+--------+--------+--------+--------+-----+--------+
         Total |   2399 |   2354 |     45 |    141 |   1821 |   4 |  599.8 |
       Dungeon |   2399 |   2354 |     45 |    141 |   1821 |   4 |  599.8 |
               +--------+--------+--------+--------+--------+-----+--------+

Top non-repeatable levels by time:
     D:2: 831 daAuts
     D:1: 704 daAuts
     D:3: 696 daAuts
     D:5: 166 daAuts

Levels and vault maps discovered:
D:1:      wander_arrival_abandoned_jail, layout_loops_ring,
          ebering_ecumenical_altar_sacrificial
D:2:      layout_basic
D:3:      layout_loops_corners, serial_shops, nicolae_shop_dealshenge,
          nicolae_shop_bloodbath_and_beyond, shop, nicolae_shop_back_alley_shop,
          shop
D:5:      layout_basic, general_overflow_altar, chequers_serial_rivers_room_b,
          uniq_pikel

Table legend: (Time is in decaauts)
 A = Elapsed time spent in this place.
 B = Non-inter-level travel time spent in this place.
 C = Inter-level travel time spent in this place.
 D = Time resting spent in this place.
 E = Time spent auto-exploring this place.
 F = Levels seen in this place.
 G = Mean time per level.
                   A        B        C        D        E       F      G
               +--------+--------+--------+--------+--------+-----+--------+
         Total |   2399 |   2354 |     45 |    141 |   1821 |   4 |  599.8 |
       Dungeon |   2399 |   2354 |     45 |    141 |   1821 |   4 |  599.8 |
               +--------+--------+--------+--------+--------+-----+--------+

Top non-repeatable levels by time:
     D:2: 831 daAuts
     D:1: 704 daAuts
     D:3: 696 daAuts
     D:5: 166 daAuts

Table legend:
 A = Kills in this place as a percentage of kills in the entire game.
 B = Kills by you in this place as a percentage of kills by you in the entire game.
 C = Kills by friends in this place as a percentage of kills by friends in the entire game.
 D = Other kills in this place as a percentage of other kills in the entire game.
 E = Experience gained in this place as a percentage of experience gained in the entire game.
 F = Experience gained in this place divided by the number of levels of this place that you have seen.
                   A       B       C       D       E      F
               +-------+-------+-------+-------+-------+----------------------
         Total | 100.0 | 100.0 |   N/A |   N/A | 100.0 |  93.5
       Dungeon | 100.0 | 100.0 |   N/A |   N/A | 100.0 |  93.5
               +-------+-------+-------+-------+-------+----------------------
